 Dungeon Crawl Stone Soup version 0.26.0-10-g1f06aea511 (webtiles) character file.

Game seed: 18293886434496977359

6484 tsouns the Thaumaturge (level 10, -7/49 HPs)
             Began as a Spriggan Ice Elementalist on Jan 14, 2021.
             Was an Initiate of Gozag.
             Killed from afar by Erica (26 damage)
             ... with a lance of force
             ... on level 9 of the Dungeon.
             The game lasted 00:35:07 (11225 turns).

tsouns the Thaumaturge (Spriggan Ice Elementalist) Turns: 11225, Time: 00:35:08

Health: -7/49      AC:  3    Str: 10    XL:     10   Next: 68%
Magic:  13/26      EV: 18    Int: 21    God:    Gozag
Gold:   2072       SH:  0    Dex: 19    Spells: 10/31 levels left

rFire    . . .     SeeInvis +   r - +6 short sword "Exuschyq" {vorpal, Dex+3 Stlth+}
rCold    . . .     Faith    .   (shield restricted)
rNeg     . . .     Spirit   .   a - +0 robe
rPois    +         Reflect  .   d - +1 hat
rElec    .         Harm     .   w - scarf {+Inv}
rCorr    .         Rampage  .   (gloves unavailable)
Will     +....                  (boots unavailable)
Stlth    ++++......             E - amulet of magic regeneration
HPRegen  0.16/turn              h - +6 ring of strength
MPRegen  0.45/turn              o - ring of poison resistance

@: lethally poisoned (-7 -> -17), gold aura, frozen ramparts, very quick
A: very small, unfitting armour, see invisible, speed 3
a: Renounce Religion, Evoke Invisibility, Potion Petition, Call Merchant, Bribe
Branch


You were on level 9 of the Dungeon.
You worshipped Gozag.
Gozag was most pleased with you.
You visited 1 branch of the dungeon, and saw 9 of its levels.
You also visited: Bailey.

You collected 3099 gold pieces.
You spent 1005 gold pieces at shops.
You paid 22 gold pieces to Gozag.

Inventory:

Hand Weapons
 m - a +2 vorpal spear
 q - a +1 spectral lajatang
 r - the +6 short sword "Exuschyq" (weapon) {vorpal, Dex+3 Stlth+}
   (You bought it in a shop on level 4 of the Dungeon)

   It inflicts extra damage upon your enemies.
   It affects your dexterity (+3).
   It makes you more stealthy.
Missiles
 i - 30 poisoned darts (quivered)
 z - 29 bolts
Armour
 a - a +0 robe (worn)
 d - a +1 hat (worn)
 t - a +0 cloak
 w - a scarf of invisibility (worn)
Jewellery
 h - a +6 ring of strength (left hand)
 o - a ring of poison resistance (right hand)
 v - an uncursed ring of ice
 E - an amulet of magic regeneration (around neck)
 F - an uncursed ring of positive energy
Wands
 p - a wand of enslavement (10)
 y - a wand of disintegration (19)
Scrolls
 e - 3 scrolls of magic mapping
 f - 4 scrolls of teleportation
 g - 4 scrolls of remove curse
 n - a scroll of blinking
 A - 3 scrolls of fear
 B - a scroll of identify
 C - a scroll of summoning {unknown}
 D - a scroll of enchant weapon
Potions
 b - 2 potions of mutation
 c - a potion of cancellation
 j - 5 potions of brilliance
 k - 2 potions of lignification
 l - a potion of haste
 s - 4 potions of heal wounds
 u - a potion of invisibility
 x - a potion of resistance


   Skills:
 + Level 3.0 Fighting
 - Level 1.6 Polearms
 - Level 3.0 Dodging
 - Level 3.0 Stealth
 + Level 11.4 Spellcasting
 + Level 5.0 Conjurations
 - Level 2.9 Summonings
 + Level 7.5 Ice Magic
 + Level 4.9 Air Magic


You had 10 spell levels left.
You knew the following spells:

 Your Spells              Type           Power        Failure   Level
a - Freeze                Ice            100%         1%          1
b - Frozen Ramparts       Ice            86%          1%          3
c - Ozocubu's Armour      Ice            43%          1%          3
d - Hailstorm             Conj/Ice       38%          4%          4
e - Summon Ice Beast      Ice/Summ       33%          7%          4
f - Freezing Cloud        Conj/Ice/Air   18%          61%         6

Your spell library contained the following spells:

 Spells                   Type           Power        Failure   Level
 Poisonous Vapours        Pois/Air       44%          3%          2
 Mephitic Cloud           Conj/Pois/Air  25%          4%          3
 Conjure Flame            Conj/Fire      22%          6%          3


Dungeon Overview and Level Annotations

Branches:
Dungeon (9/15)             Temple (0/1) D:6          Bailey (visited)
   Lair: D:8-11         Orc: D:9-12

Altars:
Ashenzari
Elyvilon
Gozag
Ru
Trog
Yredelemnul
The Shining One

Shops:
D:4 (   D:7 ??[:

Annotations:
D:9 1 runed translucent door, Erica


Innate Abilities, Weirdness & Mutations

You are very small and have problems with some larger weapons.
You are too small for most types of armour.
You have supernaturally acute eyesight. (SInv)
You cover ground extremely quickly.


Message History

The wall freezes the hound.
The hound bites you.
Erica resists.
The wall freezes Erica.
Erica closely misses you.
Your ice beast hits Erica.
Your ice beast freezes Erica.
Erica resists.
The wall freezes the hound.
The hound completely misses you.
Casting: Freeze (safe; 1% risk of failure)
Confirm with . or Enter, or press ? or * to list all spells.
Aiming: Freeze (safe; 1% risk of failure)
Press: ? - help, Shift-Dir - straight line, f/p - Erica
Aim: Erica, wielding a +3 scimitar of flaming and wearing a +2 robe of resistance (almost dead) Erica resists.
You freeze Erica.
Erica is almost dead.
You feel sick.
The wall freezes the hound!
You kill the hound!
Your ice beast hits Erica but does no damage.
Erica resists.
The wall freezes Erica.
Erica casts a spell at you. The lance of force hits you!!
Ouch! That really hurt!
You die...
Your body crumbles into a pile of gold.

#......##....@...... ###.#[
........#...........##....###
###..........................#
...≈......##.................##
≈.≈⌠≈.....#.................<.##
...≈...............?#..........#
.≈...≈...........Y..#..>.......#
§⌠§.§§≈..##...#.@...#..........#
.≈..§≈...#....#.@#.............#
...§§..§....#....$............##
§.≈§≈.≈§≈...##...............##
..§§§§.≈..###................#
.≈..§§§......................#
≈⌠≈.≈⌠§.........[[...[[......#
.≈...≈............)..........##
...§...........<......[.......##
§.≈⌠≈..##......................##


You could see Erica and a friendly ice beast (summoned).

Vanquished Creatures
  An orc high priest (Bailey)
  3 orc knights (Bailey)
  Sigmund (D:2)
  4 yaks
  A wyvern (D:5)
  9 orc warriors
  2 ice beasts
  3 phantoms
  3 ogres
  3 centaurs
  3 bullfrogs
  3 scorpions
  3 wights (D:8)
  2 electric eels (Bailey)
  A centaur zombie (D:7)
  A quasit (D:9)
  A lava snake (D:9)
  A centaur skeleton (D:4)
  A bullfrog skeleton (D:6)
  3 hounds
  5 orc priests
  6 orc wizards
  An iguana (D:6)
  5 worker ants
  A killer bee zombie (D:6)
  A hound skeleton (D:8)
  6 gnolls (Bailey)
  12 adders
  5 white imps
  2 oozes
  2 dart slugs (D:1)
  2 leopard geckos
  41 orcs
  6 bats
  2 giant cockroaches
  20 goblins
  16 hobgoblins
  2 jackals (D:3)
  5 quokkas
  2 ball pythons
  9 frilled lizards
  12 kobolds
  A leopard gecko skeleton (D:3)
  9 rats
222 creatures vanquished.

Vanquished Creatures (collateral kills)
  An orc sorcerer (Bailey)
  An ice beast (D:8)
  A big kobold (D:7)
  An adder (D:8)
  A leopard gecko (D:8)
5 creatures vanquished.

Vanquished Creatures (others)
  A hobgoblin (Bailey)
1 creature vanquished.

Grand Total: 228 creatures vanquished

Notes
Turn   | Place    | Note
-------+----------+-------------------------------------------
     0 | D:1      | tsouns the Spriggan Ice Elementalist began the quest for
                  | the Orb.
     0 | D:1      | Reached XP level 1. HP: 9/9 MP: 5/5
   121 | D:1      | Reached skill level 3 in Spellcasting
   254 | D:1      | Reached XP level 2. HP: 13/13 MP: 5/7
   696 | D:1      | Reached XP level 3. HP: 16/16 MP: 6/9
  1296 | D:2      | Found an opulent altar of Gozag.
  1330 | D:2      | Became a worshipper of Gozag Ym Sagoz the Greedy
  1374 | D:2      | Noticed Sigmund
  1382 | D:2      | Killed Sigmund
  1383 | D:2      | Reached skill level 5 in Spellcasting
  1383 | D:2      | Reached XP level 4. HP: 12/21 MP: 2/12
  1383 | D:2      | Reached XP level 5. HP: 14/24 MP: 2/13
  1394 | D:2      | Learned a level 3 spell: Frozen Ramparts
  1399 | D:2      | Learned a level 3 spell: Ozocubu's Armour
  1763 | D:2      | Learned a level 4 spell: Hailstorm
  1768 | D:2      | Learned a level 4 spell: Summon Ice Beast
  2022 | D:3      | Reached XP level 6. HP: 13/28 MP: 8/15
  2466 | D:3      | Found a broken altar of Ashenzari.
  2467 | D:3      | Found a glowing golden altar of the Shining One.
  2473 | D:3      | Reached skill level 1 in Polearms
  2473 | D:3      | Reached skill level 1 in Conjurations
  2473 | D:3      | Reached skill level 1 in Summonings
  2613 | D:3      | Reached skill level 6 in Spellcasting
  2613 | D:3      | Reached skill level 5 in Ice Magic
  2918 | D:3      | Reached XP level 7. HP: 26/32 MP: 11/17
  3514 | D:4      | Found Bacogygah's Antique Weapon Boutique.
  3520 | D:4      | Bought a slimy short sword for 176 gold pieces
  3520 | D:4      | Identified the +6 short sword "Exuschyq" {vorpal, Dex+3
                  | Stlth+} (You bought it in a shop on level 4 of the Dungeon)
  4029 | D:5      | Entered Level 5 of the Dungeon
  4892 | D:5      | Noticed a wyvern
  4899 | D:5      | Killed a wyvern
  4900 | D:5      | Reached skill level 1 in Fighting
  5242 | D:6      | Reached XP level 8. HP: 37/37 MP: 4/19
  5495 | D:6      | Reached skill level 7 in Spellcasting
  5514 | D:6      | Found a staircase to the Ecumenical Temple.
  5765 | D:6      | Found a sacrificial altar of Ru.
  5904 | D:7      | Found Weum's Magic Scroll Shoppe.
  5907 | D:7      | Bought a scroll of identify for 26 gold pieces
  5907 | D:7      | Bought a scroll of identify for 26 gold pieces
  5970 | D:7      | Found Kuthe's Antique Armour Boutique.
  5979 | D:7      | Found Utrufuce's Book Shoppe.
  5982 | D:7      | Bought a book of Clouds for 630 gold pieces
  5989 | D:7      | Learned a level 6 spell: Freezing Cloud
  6008 | D:7      | Found a flagged portal.
  6067 | Bailey   | Entered a bailey
  6386 | Bailey   | Found an iron altar of Okawaru.
  6386 | Bailey   | Noticed an orc knight
  6386 | Bailey   | Noticed an orc sorcerer
  6386 | Bailey   | Noticed an orc high priest
  6400 | Bailey   | Noticed a sixfirhy
  6402 | Bailey   | Killed an orc high priest
  6402 | Bailey   | Killed an orc sorcerer
  6403 | Bailey   | Reached skill level 8 in Spellcasting
  6403 | Bailey   | Reached XP level 9. HP: 17/42 MP: 4/22
  6490 | Bailey   | Killed an orc knight
  6491 | Bailey   | Reached skill level 9 in Spellcasting
  6686 | Bailey   | Noticed an orc knight
  6698 | Bailey   | Killed an orc knight
  6840 | Bailey   | Noticed an orc knight
  6846 | Bailey   | Reached skill level 10 in Spellcasting
  6891 | Bailey   | Killed an orc knight
  7118 | Bailey   | Reached XP level 10. HP: 46/46 MP: 21/25
  7733 | D:7      | Acquired 1197 gold pieces
  8131 | D:7      | Found a bloodstained altar of Trog.
  8903 | D:7      | Found Igesu's Magic Scroll Emporium.
  8948 | D:7      | Bought a scroll of fear for 49 gold pieces
  8948 | D:7      | Bought a scroll of identify for 28 gold pieces
  8948 | D:7      | Bought a scroll of identify for 28 gold pieces
  8948 | D:7      | Bought a scroll of identify for 28 gold pieces
  8948 | D:7      | Bought a scroll of noise for 14 gold pieces
  9054 | D:8      | Reached skill level 11 in Spellcasting
  9536 | D:8      | Found a white marble altar of Elyvilon.
  9693 | D:8      | Found a basalt altar of Yredelemnul.
 10650 | D:9      | Found a runed translucent door.
 10684 | D:9      | Reached skill level 5 in Conjurations
 11048 | D:9      | Noticed Erica
 11225 | D:9      | Killed from afar by Erica

Illustrated notes

Levels and vault maps discovered:
D:1:      sevenhm_arrival_forest_fort_small_4, layout_basic
D:2:      layout_rooms, grunt_gozag_breadcrumbs, uniq_sigmund
D:3:      layout_basic, gammafunk_temple_overflow_pools, minivault_19,
          minmay_checkerbox
D:4:      kennysheep_six_static_rooms, layout_loops_ring, serial_shops, shop
D:5:      layout_basic
D:6:      layout_cave_pools, kennysheep_mini, minmay_temple_entry_overgrown
D:7:      layout_basic, serial_shops, nicolae_shop_behind_doors, shop, shop,
          shop, enter_bailey_3, trog_three_pillars_becter
D:8:      layout_loops_cross, kennysheep_ying_yang
D:9:      cheibrodos_histonic, layout_cave_pools, special_room
          [special_room_bee], kennysheep_doodads, uniq_erica

Skill      XL: |  1  2  3  4  5  6  7  8  9 10 |
---------------+-------------------------------+-----
Spellcasting   | 3 5 6 8 10 11 | 11.4
Ice Magic      | 4 5 6 7 |  7.5
Polearms       | 1 |  1.6
Conjurations   | 1 2 3 4 5 |  5.0
Summonings     | 1 2 |  2.9
Fighting       | 1 2 3 |  3.0
Air Magic      | 2 3 4 |  4.9
Dodging        | |  3.0
Stealth        | |  3.0

Action                   |  1- 3 |  4- 6 |  7- 9 | 10-12 || total
-------------------------+-------+-------+-------+-------++-------
Melee: Whip              |       |     1 |       |       ||     1
       Spear             |       |    17 |     6 |       ||    23
       Short sword       |       |       |    47 |    73 ||   120
Throw: Dart              |       |       |    23 |     8 ||    31
 Cast: Freeze            |    57 |    63 |    73 |    56 ||   249
       Frozen Ramparts   |       |     6 |    16 |    16 ||    38
       Ozocubu's Armour  |       |     1 |     7 |    10 ||    18
       Hailstorm         |       |       |     6 |    25 ||    31
       Summon Ice Beast  |       |       |     1 |     4 ||     5
Evoke: Wand              |       |       |     2 |       ||     2
  Use: Scroll            |     8 |     1 |     8 |     4 ||    21
       Potion            |       |       |     6 |       ||     6
 Stab: Sleeping          |       |       |     4 |     8 ||    12
Armor: Robe              |     4 |       |    14 |    12 ||    30
Dodge: Dodged            |    35 |    36 |    77 |    87 ||   235
